 Dungeon Crawl Stone Soup version 0.19.5 (webtiles) character file.

403 Trixie the Magician (level 6, -3/32 HPs)
             Began as a Deep Elf Fire Elementalist on Mar 8, 2017.
             Slain by Grinder (5 damage)
             ... on level 2 of the Dungeon.
             The game lasted 00:11:16 (4102 turns).

Trixie the Magician (Deep Elf Fire Elementalist)    Turns: 4102, Time: 00:11:16

Health: -3/32      AC:  2    Str:  5    XL:     6   Next: 55%
Magic:  1/17       EV: 13    Int: 22    God:
Gold:   61         SH:  0    Dex: 15    Spells: 3 memorised, 9 levels left

rFire  . . .     SeeInvis .     k - +0 short sword (protect)
rCold  . . .     Gourm    .     a - +0 robe
rNeg   . . .     Faith    .     (no shield)
rPois  .         Spirit   .     (no helmet)
rElec  .         Reflect  .     (no cloak)
rCorr  .         Harm     .     (no gloves)
MR     .....                    (no boots)
Stlth  ++........               (no amulet)
                                (no ring)
                                (no ring)

@: very slightly contaminated
A: no striking features
a: no special abilities


You were on level 2 of the Dungeon.
You were hungry.

You visited 1 branch of the dungeon, and saw 3 of its levels.

You collected 61 gold pieces.

Inventory:

Hand Weapons
 k - a +0 short sword of protection (weapon)
Armour
 a - a +0 robe (worn)
Jewellery
 p - an uncursed amulet of harm {unknown}
Scrolls
 d - a scroll of recharging
Potions
 e - a potion of curing
 h - a potion of berserk rage {unknown}
 l - 2 potions of mutation {unknown}
 m - a potion of magic {unknown}
 o - 2 potions of agility
Books
 b - a book of Flames

   Spells                             Type                      Level
   a - Flame Tongue                   Conjuration/Fire             1
   b - Throw Flame                    Conjuration/Fire             2
   c - Conjure Flame                  Conjuration/Fire             3
   d - Inner Flame                    Hexes/Fire                   3
   e - Sticky Flame                   Conjuration/Fire             4
   f - Fireball                       Conjuration/Fire             5
Comestibles
 c - 3 bread rations
 i - a fruit
 n - 3 chunks of flesh


   Skills:
 + Level 0.1 Fighting
 - Level 2.5 Dodging
 - Level 2.5 Stealth
 + Level 6.4 Spellcasting
 + Level 3.5 Conjurations
 + Level 5.4 Fire Magic


You had 9 spell levels left.
You knew the following spells:

 Your Spells              Type           Power        Failure   Level  Hunger
a - Flame Tongue          Conj/Fire      ####.        1%          1    None
b - Throw Flame           Conj/Fire      ####..       1%          2    None
c - Fireball              Conj/Fire      ####......   38%         5    #####..


Dungeon Overview and Level Annotations

Branches:
Dungeon (3/15)

Altars:
Ru

Annotations:
D:2 Grinder
D:3 Jessica


Message History

Nothing appears to happen.
Grinder misses you. The orc hits you but does no damage.
Casting: Flame Tongue
Confirm with . or Enter, or press ? or * to list all spells.
Aiming: Flame Tongue
Press: ? - help, Shift-Dir - straight line, f/p - Grinder
Aim: Grinder (lightly wounded)
The flame tongue misses Grinder.
Grinder closely misses you. The orc hits you with a hand axe.
Casting: Flame Tongue
Confirm with . or Enter, or press ? or * to list all spells.
Aiming: Flame Tongue
Press: ? - help, Shift-Dir - straight line, f/p - Grinder
Aim: Grinder (lightly wounded)
The flame tongue hits Grinder.
Grinder is lightly wounded.
Grinder hits you!
* * * LOW HITPOINT WARNING * * *
You writhe in agony.
You die...

####.## #..# #..### #.##
##...######.# ###...#....# ###
###.#>#### ####.# #### #.#.#
#....#
...########...#########.##.#
##..............[5.<....##.#
................@#########.#
###########.###.o.# #.#
###########.# ##..## #.#
............# #...# ####.####
..########### #...####†......#
#........########......>......#
########...........####.......#
#########......#.......#
########.......#


You could see Grinder and an orc.

Vanquished Creatures
  An ogre (D:3)
  An orc priest (D:3)
  An orc wizard (D:3)
  Terence (D:3)
  Natasha (thrice) (D:3)
  5 adders
  4 worms
  4 dart slugs
  4 leopard geckos
  12 orcs
  4 giant cockroaches
  8 goblins
  7 hobgoblins
  2 jackals (D:1)
  7 kobolds
  4 quokkas
  9 bats
  3 frilled lizards (D:2)
  6 rats
86 creatures vanquished.

Notes
Turn   | Place    | Note
-------+----------+-------------------------------------------
     0 | D:1      | Trixie the Deep Elf Fire Elementalist began the quest for the Orb.
     0 | D:1      | Reached XP level 1. HP: 10/10 MP: 6/6
   221 | D:1      | Reached XP level 2. HP: 11/15 MP: 4/8
   227 | D:1      | Learned a level 2 spell: Throw Flame
  1052 | D:1      | Reached XP level 3. HP: 19/19 MP: 0/10
  1451 | D:2      | Reached skill level 4 in Spellcasting
  1615 | D:2      | Reached XP level 4. HP: 24/24 MP: 2/12
  2263 | D:2      | Found a sacrificial altar of Ru.
  2779 | D:3      | Noticed Terence
  2786 | D:3      | Killed Terence
  2856 | D:3      | Noticed Natasha
  2860 | D:3      | Killed Natasha
  2860 | D:3      | Reached skill level 5 in Spellcasting
  2860 | D:3      | Reached XP level 5. HP: 28/28 MP: 6/14
  2936 | D:3      | Learned a level 5 spell: Fireball
  3320 | D:3      | Reached skill level 5 in Fire Magic
  3516 | D:3      | Noticed Natasha
  3533 | D:3      | Killed Natasha
  3533 | D:3      | Reached skill level 6 in Spellcasting
  3533 | D:3      | Reached XP level 6. HP: 32/32 MP: 0/17
  3775 | D:3      | Noticed Natasha
  3930 | D:3      | Killed Natasha
  4052 | D:3      | Noticed Grinder
  4079 | D:3      | Noticed Jessica
  4102 | D:2      | Slain by Grinder

Skill      XL: |  1  2  3  4  5 |
---------------+----------------+-----
Fire Magic     | 4 5 |  5.4
Spellcasting   | 4 5 6 |  6.4
Conjurations   | 2 3 |  3.5
Fighting       | |  0.1
Dodging        | |  2.5
Stealth        | |  2.5

Action                   |  1- 3 |  4- 6 || total
-------------------------+-------+-------++-------
 Cast: Flame Tongue      |    35 |    60 ||    95
       Throw Flame       |    30 |    60 ||    90
  Use: Scroll            |       |     4 ||     4
       Potion            |       |     1 ||     1
  Eat: Chunk             |     3 |     7 ||    10
Armor: Robe              |     5 |     1 ||     6
Dodge: Dodged            |     8 |    28 ||    36
